 Dungeon Crawl Stone Soup version 0.30-a0-365-ge7f957f1db (webtiles) character file.

Game seed: 14581944344803070489

296 Redcow54321 the Trooper (level 6, 0/67 HPs)
             Began as an Ogre Gladiator on Nov 17, 2022.
             Was a Believer of Elyvilon.
             Killed by divine providence
             ... invoked by an orc priest
              (9 damage)
             ... on level 7 of the Dungeon.
             The game lasted 00:07:32 (2285 turns).

Redcow54321 the Trooper (Ogre Gladiator)            Turns: 2285, Time: 00:07:33

Health: 0/67       AC:  4    Str: 21    XL:     6   Next: 35%
Magic:  6/6        EV: 10    Int:  9    God:    Elyvilon [**....]
Gold:   137        SH:  0    Dex: 16    Spells: 5/5 levels left

rFire   . . .      SeeInvis .    a - +0 war axe
rCold   . . .      Faith    +    (no shield)
rNeg    . . .      Spirit   .    b - +0 robe
rPois   .          Reflect  .    c - +0 hat
rElec   .          Harm     .    k - +0 cloak
rCorr   .          Rampage  .    (gloves unavailable)
Will    .....                    (boots unavailable)
Stlth   +.........               o - amulet of faith
HPRegen 0.31/turn                q - +6 ring of dexterity
MPRegen 0.10/turn                (no ring)

@: no status effects
A: large, unfitting armour, tough skin 1
a: Renounce Religion, Purification, Heal Other


You were on level 7 of the Dungeon.
You worshipped Elyvilon.
Elyvilon was pleased with you.
You visited 1 branch of the dungeon, and saw 5 of its levels.

You collected 137 gold pieces.

Inventory:

Hand Weapons
 a - a +0 war axe (weapon)
Missiles
 d - 3 throwing nets (quivered)
 e - a large rock
Armour
 b - a +0 robe (worn)
 c - a +0 hat (worn)
 f - a +2 pair of gloves
 j - a +0 pair of gloves
 k - a +0 cloak (worn)
Jewellery
 o - an amulet of faith (around neck)
 q - a +6 ring of dexterity (left hand)
Scrolls
 g - 2 scrolls of fear {unknown}
 h - 3 scrolls of identify
 l - a scroll of teleportation
Potions
 r - a potion of berserk rage


   Skills:
 * Level 5.9 Fighting
 + Level 5.5 Axes
 - Level 2.0 Throwing
 - Level 2.6 Dodging
 - Level 0.2 Invocations


You had 5 spell levels left.
You didn't know any spells.
Your spell library was empty.

Dungeon Overview and Level Annotations

Branches:
Dungeon (7/15)             Temple (0/1) D:7

Altars:
Cheibriados
Elyvilon
Yredelemnul


Innate Abilities, Weirdness & Mutations

You are too large for most types of armour.
You have tough skin. (AC +1)


Message History

You closely miss the orc.
The orc priest invokes the aid of Beogh against you.
Something writhes in agony!
Reactivating autopickup.
You feel a bit more experienced. Something hits you but does no damage.
Deactivating autopickup; reactivate with Ctrl-A.
The orc barely misses you. The iguana barely misses you.
The orc attacks as you move away! The orc closely misses you.
The orc priest miscasts a cantrip.
You hear some strange, mumbled words.
Something tries to affect you, but you resist.
You hit the orc.
The orc is heavily wounded.
You hit the iguana.
You kill the iguana!
You hit something.
You hear some strange, mumbled words.
Something tries to affect you, but you resist.
The orc barely misses you.
You slash the orc!
You kill the orc!
You closely miss something. Something hits you.
* * * LOW HITPOINT WARNING * * *
You barely miss the orc priest.
The orc priest is moderately wounded.
You barely miss something. Something hits you but does no damage.
The orc priest misses you. The orc priest barely misses you.
Something hits you.
* * * LOW HITPOINT WARNING * * *
You hit the orc priest.
The orc priest is heavily wounded.
You closely miss something.
The orc priest looks braver for a moment.
Something hits you but does no damage.
You hit the orc priest.
The orc priest is severely wounded.
You hit something.
The orc priest invokes the aid of Beogh against you.
Beogh smites you!
You die...

..............##
...............#
...........#...#
...............#
..........#.#..#
...............###
.........#.8.#...#
.......#...†...#...
.....#...8@o)8...#
.......#...{...#...
.....>...#.8.#....[
)...............#.
..>>...#.#....#
................
........#.......
......#. ......


You could see an orc priest.

Vanquished Creatures
  Duvessa (D:4)
  Dowan (D:4)
  An iguana (D:7)
  4 adders
  A worm (D:3)
  A dart slug (D:1)
  5 orcs
  5 endoplasms
  4 giant cockroaches
  8 goblins
  3 hobgoblins
  2 jackals (D:1)
  11 ball pythons
  9 bats
  5 frilled lizards (D:1)
  5 kobolds
  5 rats
71 creatures vanquished.

Vanquished Creatures (others)
  An orc wizard (D:7)
1 creature vanquished.

Grand Total: 72 creatures vanquished

Notes
Turn   | Place    | Note
-------+----------+-------------------------------------------
     0 | D:1      | Redcow54321 the Ogre Gladiator began the quest for the Orb.
     0 | D:1      | Reached XP level 1. HP: 22/22 MP: 1/1
    55 | D:1      | Reached XP level 2. HP: 15/31 MP: 2/2
   421 | D:1      | Reached XP level 3. HP: 25/37 MP: 3/3
   502 | D:1      | Found a faded altar of an unknown god.
   621 | D:1      | Prayed at the altar of an unknown god.
   621 | D:1      | Became a worshipper of Elyvilon the Healer
   621 | D:1      | Reached * piety under Elyvilon
  1072 | D:2      | Reached XP level 4. HP: 39/48 MP: 4/4
  1419 | D:2      | Found a basalt altar of Yredelemnul.
  1744 | D:3      | Reached ** piety under Elyvilon
  1894 | D:3      | Found a white marble altar of Elyvilon.
  2058 | D:4      | Noticed Duvessa
  2058 | D:4      | Noticed Dowan
  2066 | D:4      | Killed Dowan
  2067 | D:4      | Reached XP level 5. HP: 14/55 MP: 5/5
  2067 | D:4      | Killed Duvessa
  2068 | D:4      | Reached skill level 5 in Fighting
  2068 | D:4      | Reached skill level 5 in Axes
  2068 | D:4      | Reached XP level 6. HP: 18/67 MP: 6/6
  2222 | D:4      | Found a snail-covered altar of Cheibriados.
  2266 | D:4      | You fall into a shaft and drop 3 floors!
  2266 | D:7      | Found a staircase to the Ecumenical Temple.
  2278 | D:7      | Elyvilon protects you from harm!
  2285 | D:7      | Killed from afar by an orc priest

Illustrated notes

Levels and vault maps discovered:
D:1:      ebering_hopf_link, layout_rooms, ebering_ecumenical_altar_sacrificial,
          wad_floor_pattern_untrapped, minivault_5
D:2:      layout_loops_ring, basic_altar, serial_forest,
          infiniplex_forest_straight_4, infiniplex_forest_end_3,
          infiniplex_forest_straight_3, infiniplex_forest_side_room,
          infiniplex_forest_lined_4_way
D:3:      layout_rooms, elyvilon_altar_5, uniq_crazy_yiuf_cottage
D:4:      layout_gridville, mainiacjoe_overflow_small_starburst,
          kennysheep_mini_moat, kennysheep_small_circle, uniq_duvessa
D:7:      layout_basic, mainiacjoe_overflow_alcove_1,
          mainiacjoe_overflow_large_starburst, minmay_temple_entry_sparse_star,
          grunt_ministairs_15

Skill      XL: |  1  2  3  4  5 |
---------------+----------------+-----
Fighting       | 3 4 5 |  5.9
Axes           | 4 5 |  5.5
Throwing       | |  2.0
Dodging        | |  2.6
Invocations    | |  0.2

Action                   |  1- 3 |  4- 6 || total
-------------------------+-------+-------++-------
Melee: War axe           |   102 |   104 ||   206
       Punch             |       |     1 ||     1
Invok: Purification      |       |     3 ||     3
  Use: Potion            |       |     6 ||     6
       Scroll            |       |     4 ||     4
Armor: Robe              |    47 |    49 ||    96
Dodge: Dodged            |    68 |    62 ||   130

Table legend: (Time is in decaauts)
 A = Elapsed time spent in this place.
 B = Non-inter-level travel time spent in this place.
 C = Inter-level travel time spent in this place.
 D = Time resting spent in this place.
 E = Time spent auto-exploring this place.
 F = Levels seen in this place.
 G = Mean time per level.
                   A        B        C        D        E       F      G
               +--------+--------+--------+--------+--------+-----+--------+
         Total |   2353 |   2170 |    183 |      0 |   1644 |   5 |  470.6 |
       Dungeon |   2353 |   2170 |    183 |      0 |   1644 |   5 |  470.6 |
               +--------+--------+--------+--------+--------+-----+--------+

Top non-repeatable levels by time:
     D:1: 842 daAuts
     D:2: 810 daAuts
     D:3: 470 daAuts
     D:4: 209 daAuts
     D:7: 21 daAuts
